cohdb
Replays
Latest Replays
All Replays
Popular Replays
Top Player Replays
Match Explorer
How It Works
Community
CoH3 Stats
Reddit
Sign in to upload your games and track your stats! →
Sign in with Steam
Match 44122100
Unlisted
Match 44122100
Overview
Messages
Build Orders
End
Construct Section Command Post
Royal Engineer Section
Dingo Light Scout Car
Selects Canadian Shock Battlegroup
Infantry Section
Infantry Section
ML 3-inch Mortar Team
Construct Platoon Command Post
Selects Incendiary Munitions
Selects Pyrotechnics
Grenade Package
6-pounder Anti-tank Gun Team
6-pounder Anti-tank Gun Team
CMP 15cwt Truck
Selects Attacking Spirit
Selects Canadian Shock Section
Unlock Bishop Self-propelled Artillery
Bishop Self-propelled Artillery
Light Vehicle Training
Construct Company Command Post
Selects Demolition Engineering
Foot Guards Section
Crusader II Medium Tank
Weebanori
沐雨轻然
surgeon70
VRRRR
Earthdog
Boop
ndydfeixing
MrGlaucus
0
0
Comments
sign in to comment!
No comments posted yet!